 Dungeon Crawl Stone Soup version 0.19.0-23-gf02e663 (webtiles) character file.

14046 RKaid the Fighter (level 11, -6/107 HPs)
             Began as a Minotaur Berserker on Nov 19, 2016.
             Was a High Priest of Trog.
             Mangled by an orc warrior
             ... wielding a +0 glaive
              (18 damage)
             ... on level 11 of the Dungeon.
             The game lasted 00:21:39 (12371 turns).

RKaid the Fighter (Minotaur Berserker)             Turns: 12371, Time: 00:21:39

Health: -6/107     AC: 15    Str: 25    XL:     11   Next: 83%
Magic:  3/3        EV: 12    Int:  7    God:    Trog [*****.]
Gold:   366        SH:  0    Dex:  8    Spells: 0 memorised, 10 levels left

rFire  + . .     SeeInvis +     d - +3 executioner's axe (antimagic)
rCold  + . .     Gourm    .     M - +1 ring mail {rPois}
rNeg   . . .     Faith    .     (shield currently unavailable)
rPois  +         Spirit   .     e - +2 hat {SInv}
rElec  .         Reflect  .     A - +0 cloak
rCorr  .         Harm     .     u - +0 pair of gloves
MR     .....     Clarity  +     x - +0 pair of boots
Stlth  ..........               (no amulet)
                                v - ring of protection from cold {rC+, !d}
                                o - +3 ring of intelligence

@: exhausted, starving, slowed, very slow
A: retaliatory headbutt, horns 2, clarity, clumsy 1, fire resistance 1, sense
surroundings 1, sturdy frame 1
a: Berserk, Trog's Hand, Brothers in Arms, Burn Spellbooks, Renounce Religion


You were on level 11 of the Dungeon.
You worshipped Trog.
Trog was extremely pleased with you.
You were starving.

You visited 1 branch of the dungeon, and saw 11 of its levels.

You collected 940 gold pieces.
You spent 574 gold pieces at shops.

Inventory:

Hand Weapons
 a - a +2 hand axe of freezing
   (You took it off an orc on level 3 of the Dungeon)
 b - a +0 broad axe
   (You found it on level 4 of the Dungeon)
 d - a +3 antimagic executioner's axe (weapon)
   (Trog gifted it to you on level 10 of the Dungeon)
Missiles
 C - 2 throwing nets {=f}
Armour
 e - a +2 hat of see invisible (worn)
   (You took it off Gastronok on level 8 of the Dungeon)
 u - a +0 pair of gloves (worn)
   (You found it on level 3 of the Dungeon)
 x - a +0 pair of boots (worn)
   (You found it on level 10 of the Dungeon)
 A - a +0 cloak (worn)
   (You took it off Crazy Yiuf on level 5 of the Dungeon)
 M - a +1 ring mail of poison resistance (worn)
   (You took it off an orc priest on level 10 of the Dungeon)
Jewellery
 o - a +3 ring of intelligence (left hand)
   (You found it on level 2 of the Dungeon)
 v - a ring of protection from cold (right hand) {rC+, !d}
   (You found it on level 5 of the Dungeon)
 y - an uncursed ring of positive energy {rN+}
   (You found it on level 3 of the Dungeon)
 z - an uncursed ring of protection from fire {unknown}
   (You found it on level 11 of the Dungeon)
Wands
 B - a wand of hasting (3/9)
   (You bought it in a shop on level 8 of the Dungeon)
 E - a wand of acid (8/15)
   (You found it on level 7 of the Dungeon)
 H - a wand of digging (10/24)
   (You found it on level 9 of the Dungeon)
 K - a wand of random effects (22/48)
   (You found it on level 9 of the Dungeon)
Scrolls
 g - 3 scrolls of magic mapping {!r}
 h - 3 scrolls of teleportation
 i - 5 scrolls of identify
 w - 6 scrolls of remove curse
 N - a scroll of enchant weapon {unknown}
Potions
 f - 9 potions of heal wounds
 j - a potion of cancellation
 k - 2 potions of invisibility {unknown}
 m - a potion of mutation {unknown}
 p - 2 potions of agility
 q - a potion of degeneration {unknown}
 r - 2 potions of brilliance
 s - 3 potions of curing
 t - 2 potions of berserk rage {!q}
 F - a potion of resistance
 G - a potion of haste {unknown}
 J - a potion of ambrosia {unknown}
 L - a potion of flight {unknown}
Comestibles
 c - 8 bread rations
 l - 8 meat rations
 n - 17 fruits
 D - a slice of pizza
 I - 6 beef jerkies


   Skills:
 - Level 13.4 Fighting
 + Level 13.2 Axes
 - Level 13.2 Armour
 - Level 2.1 Dodging


You had 10 spell levels left.
You didn't know any spells.

Dungeon Overview and Level Annotations

Branches:
Dungeon (11/15)            Temple (0/1) D:6            Lair (0/6) D:11
    Orc (0/2) D:11

Altars:
Elyvilon
Fedhas
Qazlal
Ru
Trog
Beogh

Shops:
D:7 *   D:8 }


Innate Abilities, Weirdness & Mutations

You reflexively headbutt those who attack you in melee.
You have a pair of horns on your head.
You possess an exceptional clarity of mind.
You are clumsy. (Dex -2)
Your flesh is heat resistant. (rF+)
You passively map a small area around you.
Your movements are slightly less encumbered by armour. (ER -2)


Message History

No target in view!
No target in view!
An orc comes into view.
The orc shouts!
An orc is nearby!
An orc is nearby!
An orc is nearby!
An orc and an orc warrior come into view.
The orc warrior shouts!
The orc shouts!
A wyvern skeleton comes into view.
An orc warrior comes into view. It is wielding a glaive.
The orc warrior shouts!
A hound comes into view. 2 orc warriors come into view.
The orc warrior shouts!
The hound barks!
The orc hits you but does no damage.
Found 32 gold pieces.
Found a staircase to the Orcish Mines.
You barely miss the orc. You headbutt the orc.
The orc warrior closely misses you.
A two-headed ogre comes into view.
It is wielding a giant spiked club and a giant club.
You barely miss the orc warrior. You closely miss the orc.
The two-headed ogre shouts in stereo!
The orc closely misses you. You furiously retaliate!
You headbutt the orc. The orc warrior barely misses you.
The orc warrior closely misses you. The orc hits you with a short sword.
You slice the orc!!
You kill the orc!
Trog accepts your kill.
You closely miss the orc warrior. The orc warrior barely misses you.
The orc warrior hits you but does no damage.
You closely miss the orc warrior. You hit the orc warrior.
The orc warrior hits you from afar with a glaive!
The orc warrior closely misses you. You furiously retaliate!
You headbutt the orc warrior. You slice the orc warrior!!
Your headbutt misses the orc warrior. You hit the orc warrior.
The orc warrior hits you with a broad axe!
The orc warrior hits you from afar with a glaive.
The orc warrior hits you but does no damage.
The orc warrior hits you with a short sword!
A red film seems to cover your vision as you go berserk!
You feel yourself moving faster!
You feel mighty!
You are starving!
The orc warrior closely misses you. You furiously retaliate!
You headbutt the orc warrior.
The orc warrior hits you from afar with a glaive!
The orc warrior misses you.
You are too injured to fight recklessly!
You are too injured to fight recklessly!
You are too injured to fight recklessly!
You are too injured to fight recklessly!
You are too injured to fight recklessly!
You closely miss the orc warrior. Your headbutt misses the orc warrior.
You closely miss the orc warrior. The orc warrior closely misses you.
You furiously retaliate!
You headbutt the orc warrior, but do no damage.
The orc warrior closely misses you. The orc warrior misses you.
You barely miss the orc warrior. x2; The orc warrior closely misses you.
You slice the orc warrior!!
You kill the orc warrior!
Trog accepts your kill.
You closely miss the orc warrior. The orc warrior misses you.
You barely miss the orc warrior.
You headbutt the orc warrior, but do no damage.
You hit the wyvern skeleton.
The wyvern skeleton bites you but does no damage.
The orc warrior hits you with a broad axe!
The orc warrior misses you.
You slash the wyvern skeleton! You slash the orc warrior!
The orc warrior barely misses you. The wyvern skeleton barely misses you.
You hit the orc warrior but do no damage.
Your headbutt misses the orc warrior. You slash the wyvern skeleton!
You feel the power of Trog in you as your rage grows.
You destroy the wyvern skeleton!
Trog accepts your kill. The orc warrior closely misses you.
The orc warrior hits you from afar with a glaive.
The hound bites you. The orc warrior misses you.
You slice the orc warrior!!
You kill the orc warrior!
Trog accepts your kill.
You closely miss the hound. The hound closely misses you.
You furiously retaliate!
You headbutt the hound!
The orc warrior hits you from afar with a glaive!
* * * LOW HITPOINT WARNING * * *
You feel a strong urge to attack something.
Found a stone staircase leading up.
You feel your anger subside.
You are no longer berserk.
You are exhausted.
You feel yourself slow down.
The hound pauses to sniff the ground.
The hound closely misses you. You furiously retaliate!
You headbutt the hound. The orc warrior barely misses you.
The hound closely misses you.
You slice the orc warrior!! You headbutt the orc warrior.
You closely miss the hound. The hound bites you but does no damage.
The orc warrior hits you with a glaive!!
* * * LOW HITPOINT WARNING * * *
The hound closely misses you.
The orc warrior hits you with a glaive!!
You die...

..#.# #.##.###.#
#.# ...#.# ..#.#
#.##..##.# #.#
..## ..#.#
#.###.##.# .# #
..#.# #.###.##.#
* , , ..#.#
#.....##.# ..#.#
#.....##.### ..
* #.......O..# .
,+......#h#.#*
#......#@# *, *
*#.#.##.#o# ,* *
...#. #ooo.....
#####.*#...$...$
* ,
,..*#.$$..... *
** * *
#.....>..,,
#........,, ###
#........., , *
..# #........


You could see a two-headed ogre, 2 orc warriors, a hound and an orc.

Vanquished Creatures
  Gastronok (D:8)
  The ghost of Assic the Fighter, a journeyman GrEE of Vehumet (D:9)
  3 hill giants (D:10)
  The ghost of foonesh the Grappler, a novice TrMo of Zin (D:4)
  Joseph (D:8)
  A spiny frog (D:11)
  Prince Ribbit (D:5)
  3 hornets
  2 two-headed ogres
  5 hippogriffs
  3 yaks (D:11)
  A wyvern (D:8)
  A shadow (D:11)
  Eustachio (D:4)
  Menkaure (D:7)
  3 water moccasins
  A black bear (D:10)
  5 orc warriors
  Duvessa (D:5)
  8 sky beasts
  2 necrophages (D:10)
  5 ice beasts
  6 ogres
  2 phantoms
  4 centaurs
  3 big kobolds
  5 bullfrogs
  Dowan (D:5)
  4 scorpions
  A wyvern skeleton (D:11)
  8 killer bees
  5 electric eels (D:10)
  A howler monkey (D:4)
  7 crimson imps
  3 bullfrog zombies
  A quasit (D:6)
  4 hounds
  2 jellies
  A bullfrog skeleton (D:10)
  2 centaur skeletons
  5 orc priests
  Crazy Yiuf (D:5)
  5 orc wizards
  3 iguanas
  8 worker ants
  A hound zombie (D:9)
  A hound skeleton (D:5)
  A howler monkey zombie (D:5)
  2 worker ant zombies
  17 gnolls
  11 adders
  2 oozes
  3 worms (D:2)
  A dart slug (D:2)
  5 leopard geckos
  65 orcs
  11 giant cockroaches
  27 hobgoblins
  15 jackals
  4 quokkas
  A ball python (D:3)
  10 bats
  4 frilled lizards
  A giant cockroach zombie (D:5)
  28 goblins
  10 kobolds
  A quokka skeleton (D:3)
  8 rats
362 creatures vanquished.

Vanquished Creatures (others)
  An adder (D:10)
  An orc (D:8)
2 creatures vanquished.

Grand Total: 364 creatures vanquished

Notes
Turn   | Place    | Note
-------+----------+-------------------------------------------
     0 | D:1      | RKaid the Minotaur Berserker began the quest for the Orb.
     0 | D:1      | Reached XP level 1. HP: 19/19 MP: 0/0
    27 | D:1      | Reached skill level 4 in Axes
    85 | D:1      | Reached XP level 2. HP: 24/26 MP: 1/1
   566 | D:1      | Reached skill level 5 in Axes
  1129 | D:2      | Reached XP level 3. HP: 25/31 MP: 2/2
  1701 | D:2      | Reached ** piety under Trog
  1902 | D:3      | Reached XP level 4. HP: 39/39 MP: 3/3
  1923 | D:3      | Reached skill level 6 in Axes
  2235 | D:3      | Reached skill level 7 in Axes
  2235 | D:3      | Reached XP level 5. HP: 32/45 MP: 4/4
  3081 | D:3      | Reached *** piety under Trog
  3111 | D:3      | Reached skill level 8 in Axes
  3177 | D:3      | Reached XP level 6. HP: 40/51 MP: 5/5
  3230 | D:3      | Reached skill level 9 in Axes
  3230 | D:3      | HP: 10/51 [gnoll/flail (5)]
  3533 | D:3      | Reached **** piety under Trog
  3724 | D:3      | Reached XP level 7. HP: 56/57 MP: 6/6
  3813 | D:4      | Noticed foonesh's ghost (novice TrMo)
  3823 | D:4      | Killed foonesh's ghost
  3823 | D:4      | Reached skill level 11 in Axes
  4130 | D:4      | Reached XP level 8. HP: 64/64 MP: 7/7
  4137 | D:4      | Gained mutation: Your movements are slightly less encumbered by armour. (ER -2) [mutagenic meat]
  4138 | D:4      | Gained mutation: Your body sometimes deteriorates upon taking damage. [mutagenic meat]
  4139 | D:4      | Gained mutation: You occasionally shout uncontrollably at your foes. [mutagenic meat]
  4204 | D:4      | Noticed Eustachio
  4210 | D:4      | Killed Eustachio
  4277 | D:4      | Reached skill level 12 in Axes
  4387 | D:4      | Reached skill level 4 in Fighting
  4387 | D:4      | Reached skill level 3 in Armour
  4486 | D:5      | Entered Level 5 of the Dungeon
  4514 | D:5      | Noticed Duvessa
  4728 | D:5      | Noticed Menkaure
  4732 | D:5      | Killed Duvessa
  4732 | D:5      | Reached skill level 5 in Fighting
  4732 | D:5      | Reached skill level 4 in Armour
  5058 | D:5      | Noticed Dowan
  5067 | D:5      | Killed Dowan
  5282 | D:5      | Reached skill level 5 in Armour
  5418 | D:5      | Noticed Prince Ribbit
  5426 | D:5      | Killed Prince Ribbit
  5426 | D:5      | Reached skill level 6 in Fighting
  5443 | D:5      | Reached XP level 9. HP: 69/78 MP: 8/8
  5448 | D:5      | Gained mutation: You are clumsy. (Dex -2) [mutagenic meat]
  5449 | D:5      | Gained mutation: You passively map a small area around you. [mutagenic meat]
  5450 | D:5      | Lost mutation: Your body sometimes deteriorates upon taking damage. [mutagenic meat]
  5451 | D:5      | Gained mutation: You possess an exceptional clarity of mind. [mutagenic meat]
  5454 | D:5      | Reached ***** piety under Trog
  5599 | D:5      | Found a runed door.
  5616 | D:5      | Reached skill level 6 in Armour
  5719 | D:5      | Reached skill level 7 in Fighting
  5724 | D:5      | Lost mutation: You occasionally shout uncontrollably at your foes. [mutagenic meat]
  5903 | D:5      | Noticed Crazy Yiuf
  5907 | D:5      | Killed Crazy Yiuf
  6129 | D:6      | Found a staircase to the Ecumenical Temple.
  6318 | D:6      | Found a white marble altar of Elyvilon.
  6356 | D:6      | Found a glowing drain.
  6397 | D:6      | Found a stormy altar of Qazlal.
  6474 | D:6      | Reached skill level 7 in Armour
  6739 | D:6      | Received a gift from Trog
  7088 | D:7      | Reached skill level 8 in Fighting
  7133 | D:7      | Found a bloodstained altar of Trog.
  7142 | D:7      | Reached skill level 8 in Armour
  7234 | D:7      | Reached skill level 9 in Fighting
  7359 | D:7      | Killed Menkaure
  7361 | D:7      | Reached skill level 9 in Armour
  7493 | D:7      | Found a stormy altar of Qazlal.
  7515 | D:7      | Found Dedaib's General Store.
  7527 | D:7      | Bought a scroll of identify for 28 gold pieces
  7531 | D:7      | Gained mutation: Your flesh is heat resistant. (rF+) [potion of beneficial mutation]
  7705 | D:8      | Noticed Gastronok
  7721 | D:8      | Killed Gastronok
  7721 | D:8      | Reached skill level 10 in Fighting
  7721 | D:8      | Reached skill level 10 in Armour
  7721 | D:8      | Reached XP level 10. HP: 80/94 MP: 9/9
  7934 | D:8      | Found Ymaulu Iroann's Gadget Boutique.
  7958 | D:8      | Found a roughly hewn altar of Beogh.
  7976 | D:8      | Bought a wand of hasting (3/9) for 546 gold pieces
  8031 | D:8      | Reached skill level 11 in Fighting
  8091 | D:8      | Noticed Joseph
  8103 | D:8      | Killed Joseph
  8103 | D:8      | Reached skill level 11 in Armour
  8384 | D:8      | Found a sacrificial altar of Ru.
  8837 | D:9      | Noticed Assic's ghost (journeyman GrEE)
  8856 | D:9      | Killed Assic's ghost
  8856 | D:9      | Reached skill level 12 in Fighting
  8856 | D:9      | Reached XP level 11. HP: 104/104 MP: 10/10
  8912 | D:9      | Reached skill level 12 in Armour
  8972 | D:9      | Found a blossoming altar of Fedhas.
  9465 | D:10     | Entered Level 10 of the Dungeon
  9931 | D:10     | Noticed a hill giant
  9940 | D:10     | Killed a hill giant
 10044 | D:10     | Noticed a hill giant
 10053 | D:10     | Killed a hill giant
 10232 | D:10     | HP: 24/106 [electric eel/bolt of electricity (13)]
 10234 | D:10     | HP: 5/159 [electric eel/bolt of electricity (7)]
 10235 | D:10     | Reached skill level 13 in Fighting
 10674 | D:10     | Noticed a hill giant
 10678 | D:10     | Killed a hill giant
 10678 | D:10     | Reached skill level 13 in Armour
 11236 | D:10     | Received a gift from Trog
 11745 | D:11     | Found a staircase to the Lair.
 12145 | D:11     | Reached skill level 13 in Axes
 12352 | D:11     | Found a staircase to the Orcish Mines.
 12371 | D:11     | HP: 12/107 [orc warrior/glaive (21)]
 12371 | D:11     | Mangled by an orc warrior

Skill      XL: |  1  2  3  4  5  6  7  8  9 10 11 |
---------------+----------------------------------+-----
Axes           | 4 5 7 8 9 11 12 13 | 13.2
Fighting       | 6 10 12 13 | 13.4
Armour         | 5 10 11 13 | 13.2
Dodging        | |  2.1

Action                   |  1- 3 |  4- 6 |  7- 9 | 10-12 || total
-------------------------+-------+-------+-------+-------++-------
Melee: Hand axe          |    89 |   139 |   123 |       ||   351
       Headbutt          |    14 |    23 |    51 |    57 ||   145
       Broad axe         |       |       |   138 |   270 ||   408
       Executioner's axe |       |       |       |    66 ||    66
Invok: Berserk           |       |     1 |     6 |     8 ||    15
  Use: Scroll            |       |     1 |    16 |       ||    17
       Potion            |       |       |     1 |       ||     1
  Eat: Chunk             |     3 |     7 |    24 |    19 ||    53
       Royal jelly       |       |       |     1 |       ||     1
       Beef jerky        |       |       |       |     2 ||     2
Armor: Animal skin       |     9 |       |       |       ||     9
       Scale mail        |    16 |    47 |    93 |    89 ||   245
       Ring mail         |       |       |       |    65 ||    65
Dodge: Dodged            |    47 |    78 |   104 |   242 ||   471

Vault maps used:
D:1:      zelgadis_glass_arrival_small
D:2:      roderic_lattice_a
D:3:      minmay_goblin_kobold_castle, minmay_misc_feat_enclosed,
          minmay_misc_feat_plants
D:4:      first_bread, uniq_eustachio
D:5:      serial_curves, eino_curves_03, eino_curves_03, eino_curves_01,
          grunt_tough_drop, uniq_crazy_yiuf_cottage, uniq_menkaure,
          uniq_duvessa, uniq_prince_ribbit1
D:6:      lemuel_round_altar, gup_sewer_entry_bowl, grunt_qazlal_sundering
D:7:      nicolae_overflow_hidden_temple, lemuel_doored_altar, serial_shops,
          shop
D:8:      hangedman_ru_absence, special_room, serial_shops, shop, uniq_joseph,
          uniq_gastronok
D:9:      fedhas_altar_fruit_tree, grunt_ogre_cave
D:10:     st_stairs_12, kennysheep_diamond, kennysheep_big_empty_room
D:11:     dpeg_lair_monsters, orc_david_3, nicolae_two_hexagons,
          kennysheep_generic_room_3

Table legend:
 A = Turns spent in this place as a percentage of turns spent in the entire game.
 B = Non-inter-level travel turns spent in this place as a percentage of non-inter-level travel turns spent in the entire game.
 C = Inter-level travel turns spent in this place as a percentage of turns spent in this place.
 D = Turns resting spent in this place as a percentage of non-inter-level travel turns spent in this place.
 E = Turns spent auto-exploring this place as a percentage of non-inter-level travel turns spent in this place.
 F = Non-inter-level travel turns spent in this place divided by the number of levels of this place that you've seen.
                   A       B       C       D       E      F
               +-------+-------+-------+-------+-------+----------------------
         Total | 100.0 | 100.0 |   0.6 |   3.2 |  10.9 | 270.3
       Dungeon | 100.0 | 100.0 |   0.6 |   3.2 |  10.9 | 270.3
               +-------+-------+-------+-------+-------+----------------------

Table legend:
 A = Kills in this place as a percentage of kills in entire the game.
 B = Kills by you in this place as a percentage of kills by you in the entire game.
 C = Kills by friends in this place as a percentage of kills by friends in the entire game.
 D = Other kills in this place as a percentage of other kills in the entire game.
 E = Experience gained in this place as a percentage of experience gained in the entire game.
 F = Experience gained in this place divided by the number of levels of this place that you have seen.
                   A       B       C       D       E      F
               +-------+-------+-------+-------+-------+----------------------
         Total | 100.0 | 100.0 |  -nan |  -nan | 100.0 | 1824.3
       Dungeon | 100.0 | 100.0 |  -nan |  -nan | 100.0 | 1824.3
               +-------+-------+-------+-------+-------+----------------------
